 Dungeon Crawl Stone Soup version 0.30-a0-365-ge7f957f1db (webtiles) character file.

Game seed: 17780435962948704080

37 leviel the Trooper (level 3, -1/33 HPs)
             Began as a Hill Orc Fighter on Nov 18, 2022.
             Slain by a shadow imp (2 damage)
             ... on level 3 of the Dungeon.
             The game lasted 00:01:26 (1223 turns).

leviel the Trooper (Hill Orc Fighter)               Turns: 1223, Time: 00:01:27

Health: -1/33      AC:  7    Str: 20    XL:     3   Next: 41%
Magic:  3/3        EV:  9    Int:  8    God:
Gold:   64         SH:  4    Dex: 10    Spells: 2/2 levels left

rFire   . . .      SeeInvis .    a - +0 long sword
rCold   . . .      Faith    .    c - +0 buckler
rNeg    . . .      Spirit   .    b - +0 scale mail
rPois   .          Reflect  .    (no helmet)
rElec   .          Harm     .    (no cloak)
rCorr   .          Rampage  .    (no gloves)
Will    .....                    (no boots)
Stlth   ..........               (no amulet)
HPRegen 0.25/turn                (no ring)
MPRegen 0.08/turn                (no ring)

@: mighty, lethally poisoned (-1 -> -9)
A: no striking features
a: Convert to Beogh


You were on level 3 of the Dungeon.
You visited 1 branch of the dungeon, and saw 3 of its levels.

You collected 64 gold pieces.

Inventory:

Hand Weapons
 a - a +0 long sword (weapon)
Armour
 b - a +0 scale mail (worn)
 c - a +0 buckler (worn)
Scrolls
 g - 2 scrolls of teleportation
 h - a scroll of magic mapping {unknown}
 j - a scroll of poison {unknown}
 k - a scroll of enchant armour {unknown}
Potions
 e - a potion of attraction {unknown}
 f - a potion of haste {unknown}
 i - a potion of ambrosia {unknown}
 l - a potion of heal wounds {unknown}


   Skills:
 + Level 4.0 Fighting
 + Level 2.8 Long Blades
 + Level 3.7 Armour
 + Level 3.7 Shields


You had 2 spell levels left.
You didn't know any spells.
Your spell library was empty.

Dungeon Overview and Level Annotations

Branches:
Dungeon (2/15)

Altars:


Message History

The orc priest calls down the wrath of Beogh upon you.
Beogh smites you!
An orc comes into view. It is wielding a +0 hand axe.
The shadow imp closely misses you.
An orc priest comes into view. It is wielding a +0 dagger.
The orc priest shouts!
The orc priest shouts, "Surrender to Beogh and we'll let you live!"
You barely miss the orc priest.
The orc priest shouts, "Surrender to Beogh and we'll let you live!"
The shadow imp hits you but does no damage.
You hit the orc priest but do no damage.
The orc priest closely misses you. The shadow imp barely misses you.
You closely miss the orc priest. The shadow imp hits you.
The orc barely misses you.
The orc priest hits you with a +1 trident of venom.
You are lethally poisoned!
You block the orc priest's attack. The orc hits you but does no damage.
The shadow imp misses you.
You hit the orc priest but do no damage.
* * * LOW HITPOINT WARNING * * *
You feel very sick. The orc closely misses you.
The orc priest looks encouraged for a moment.
The shadow imp hits you but does no damage.
Okay, then.
You feel very mighty all of a sudden.
* * * LOW HITPOINT WARNING * * *
You feel sick. The orc hits you with a +0 hand axe.
* * * LOW HITPOINT WARNING * * *
The orc priest hits you but does no damage.
You are more poisoned.
The shadow imp barely misses you.
You closely miss the orc priest.
* * * LOW HITPOINT WARNING * * *
You feel very sick.
The orc priest shouts, "Beogh is our master!
Accept the truth or die!"
The orc completely misses you.
The orc priest casts a cantrip, but nothing happens.
The shadow imp hits you.
You die...

# ## ##. ## .#
..# .. .# #.
#..# .. .#
#.o###..# #. .#.
#o....# #.#.#
#o#...#
#..)###@o...#
#...#.#†.5###.[#
#. #)#.#o###..#
..###...##...#
...........#.#
############.#
#.# #.# . #.#


You could see an orc priest, a shadow imp and 4 orcs.

Vanquished Creatures
  2 dart slugs (D:1)
  An orc (D:3)
  3 bats
  4 endoplasms (D:1)
  2 giant cockroaches
  A goblin (D:1)
  5 hobgoblins
  2 kobolds
  A quokka (D:1)
  2 ball pythons (D:1)
  3 frilled lizards
  3 rats
29 creatures vanquished.

Notes
Turn   | Place    | Note
-------+----------+-------------------------------------------
     0 | D:1      | leviel the Hill Orc Fighter began the quest for the Orb.
     0 | D:1      | Reached XP level 1. HP: 19/19 MP: 1/1
    93 | D:1      | Reached XP level 2. HP: 27/27 MP: 2/2
   443 | D:1      | Reached skill level 4 in Fighting
   443 | D:1      | Reached XP level 3. HP: 30/33 MP: 3/3
  1154 | D:2      | You fall into a shaft and drop 1 floor!
  1223 | D:3      | HP: 1/33 [poisoned by an orc priest]
  1223 | D:3      | Slain by a shadow imp

Illustrated notes

Levels and vault maps discovered:
D:1:      dpeg_arrival_rhombi, layout_basic, minmay_pentomino_q2
D:2:      layout_loops_corners
D:3:      layout_basic, serial_shops, shop, minmay_starry_boxes

Skill      XL: |  1  2 |
---------------+-------+-----
Fighting       | 4 |  4.0
Long Blades    | |  2.8
Armour         | |  3.7
Shields        | |  3.7

Action                   || total
-------------------------++-------
Melee: Long sword        ||    86
  Use: Scroll            ||     3
       Potion            ||     3
Armor: Scale mail        ||    53
Dodge: Dodged            ||    42
Block: Buckler           ||    22

Table legend: (Time is in decaauts)
 A = Elapsed time spent in this place.
 B = Non-inter-level travel time spent in this place.
 C = Inter-level travel time spent in this place.
 D = Time resting spent in this place.
 E = Time spent auto-exploring this place.
 F = Levels seen in this place.
 G = Mean time per level.
                   A        B        C        D        E       F      G
               +--------+--------+--------+--------+--------+-----+--------+
         Total |   1250 |   1170 |     80 |      0 |    944 |   3 |  416.7 |
       Dungeon |   1250 |   1170 |     80 |      0 |    944 |   3 |  416.7 |
               +--------+--------+--------+--------+--------+-----+--------+

Top non-repeatable levels by time:
     D:1: 959 daAuts
     D:2: 216 daAuts
     D:3: 75 daAuts
